TOP OF THE 1ST |
---|
Las Vegas Stars batting - Pitching for Santa Monica Bruins : RHP Mario Chávez | Pitching: RHP Mario Chávez | | Batting: LHB Brent Alonzo | 0-0: Ball 1-0: SINGLE (Groundball, 4MD) | Batting: RHB Pedro Mata | 0-0: Called Strike 0-1: Swinging Strike 0-2: Ball 1-2: Ball 2-2: Foul Ball, location: 2F 2-2: Strikes out swinging | Batting: LHB Patrick Osborne | 0-0: Foul Ball, location: 2F 0-1: Ball 1-1: Swinging Strike 1-2: Ball 2-2: 2-RUN HOME RUN (Flyball, 7LD), Distance : 331 ft | Batting: LHB Sammy Marshall | 0-0: Ball 1-0: Foul Ball, location: 2F 1-1: Swinging Strike 1-2: Foul Ball, location: 2F 1-2: Ball 2-2: Ball 3-2: DOUBLE (Line Drive, 89D) | Batting: LHB Paco Rivera | 0-0: Called Strike 0-1: Swinging Strike 0-2: Foul Ball, location: 2F 0-2: Ball 1-2: Ball 2-2: Strikes out swinging, 2-3 out at first. | Batting: RHB Sam Wallace | 0-0: Ball Wild Pitch! Sammy Marshall to third 1-0: Ball 2-0: Called Strike 2-1: Fly out, F7 (Flyball, 7S) | Top of the 1st over - 2 runs, 3 hits, 0 errors, 1 left on base; Las Vegas 2 - Santa Monica 0 | BOTTOM OF THE 1ST |
---|
Santa Monica Bruins batting - Pitching for Las Vegas Stars : RHP Carlos Morán | Pitching: RHP Carlos Morán | | Batting: LHB Gonzalo Benítez | 0-0: Ground out 5-3 (Groundball, 56) | Batting: LHB Ramiro Martínez | 0-0: Swinging Strike 0-1: SOLO HOME RUN (Flyball, 89XD), Distance : 419 ft | Batting: RHB Jake Reeves | 0-0: Foul Ball, location: 2F 0-1: Ball 1-1: SINGLE (Flyball, 78S) | Pitching: RHP José Becerra | | Batting: LHB Noriaki Sangi | 0-0: SINGLE (Line Drive, 6MD) Jake Reeves to second | Batting: RHB Javier González | 0-0: Foul Ball, location: 2F 0-1: Foul Ball, location: 2F 0-2: Ball 1-2: Ball 2-2: Foul Ball, location: 2F 2-2: Ball 3-2: Base on Balls Jake Reeves to third Noriaki Sangi to second | Batting: RHB Carlos García | 0-0: Foul Ball, location: 2F 0-1: Ball 1-1: Ball 2-1: Ball 3-1: Foul Ball, location: 2F 3-2: Base on Balls Jake Reeves scores Noriaki Sangi to third Javier González to second | Batting: LHB Kent MacDulothe | 0-0: Called Strike 0-1: Ball 1-1: Ball 2-1: Grounds into fielders choice 1-2 (Groundball, 15) Javier González to third Carlos García to second | Batting: RHB Ernest Russell | 0-0: Called Strike 0-1: Fly out, F9 (Flyball, 89D) | Bottom of the 1st over - 2 runs, 3 hits, 0 errors, 3 left on base; Las Vegas 2 - Santa Monica 2 | TOP OF THE 2ND |
---|
Las Vegas Stars batting - Pitching for Santa Monica Bruins : RHP Mario Chávez | Batting: RHB Brandon Pope | 0-0: Called Strike 0-1: Ball 1-1: Foul Ball, location: 2F 1-2: Strikes out swinging | Batting: LHB Clint Parkinson | 0-0: Foul Ball, location: 2F 0-1: Fly out, F9 (Flyball, 9LMF) | Batting: RHB Zack Flint | 0-0: Ground out 5-3 (Groundball, 5L) | Top of the 2nd over - 0 runs, 0 hits, 0 errors, 0 left on base; Las Vegas 2 - Santa Monica 2 | BOTTOM OF THE 2ND |
---|
Santa Monica Bruins batting - Pitching for Las Vegas Stars : RHP José Becerra | Batting: RHB Armando Colón | 0-0: Ball 1-0: Foul Ball, location: 2F 1-1: Foul Ball, location: 2F 1-2: SINGLE (Flyball, 8RS) | Batting: LHB Gonzalo Benítez | 0-0: Ball 1-0: Called Strike 1-1: SINGLE (Flyball, 8LS) Armando Colón to second | Batting: LHB Ramiro Martínez | 0-0: Ball Wild Pitch! Armando Colón to third Gonzalo Benítez to second 1-0: Called Strike 1-1: Foul Ball, location: 2F 1-2: Strikes out swinging | Batting: RHB Jake Reeves | 0-0: Ball 1-0: Ball 2-0: Ball 3-0: Called Strike 3-1: Base on Balls | Batting: LHB Noriaki Sangi | 0-0: Ball 1-0: Foul Ball, location: 2F 1-1: Ball 2-1: Called Strike 2-2: Ball 3-2: Base on Balls Armando Colón scores Gonzalo Benítez to third Jake Reeves to second | Batting: RHB Javier González | 0-0: Called Strike 0-1: Ball 1-1: Ball 2-1: SINGLE (Groundball, 56D) Gonzalo Benítez scores Jake Reeves to third Noriaki Sangi to second Runner from 3rd tries for Home, SAFE, throw made home | Batting: RHB Carlos García | 0-0: Called Strike 0-1: Ball 1-1: Ball 2-1: Ball 3-1: Swinging Strike 3-2: Strikes out swinging | Batting: LHB Kent MacDulothe | 0-0: Ball 1-0: Called Strike 1-1: Ball 2-1: Foul Ball, location: 2F 2-2: Ball 3-2: Foul Ball, location: 2F 3-2: Strikes out swinging | Bottom of the 2nd over - 3 runs, 3 hits, 0 errors, 2 left on base; Las Vegas 2 - Santa Monica 5 | TOP OF THE 3RD |
---|
Las Vegas Stars batting - Pitching for Santa Monica Bruins : RHP Mario Chávez | Batting: LHB Brent Alonzo | 0-0: Called Strike 0-1: Called Strike 0-2: Ball 1-2: Strikes out swinging wild pitch, reaches first! | Batting: RHB Pedro Mata | 0-0: SINGLE (Flyball, 9LS) Brent Alonzo to second Runner from 2nd tries for 3rd, SAFE, throw made to third | Batting: LHB Patrick Osborne | 0-0: Fly out, F7 (Flyball, 78D) Runner from 3rd tags up, SCORES, throw made | Batting: LHB Sammy Marshall | 0-0: Ball Throwing error on steal attempt, E2 Pedro Mata to third 1-0: Called Strike 1-1: Ball 2-1: Ball 3-1: 2-RUN HOME RUN (Flyball, 9D), Distance : 354 ft | Batting: LHB Paco Rivera | 0-0: Ball 1-0: DOUBLE (Line Drive, 9D) | Batting: RHB Sam Wallace | 0-0: Ball 1-0: Fly out, F9 (Line Drive, 9LM) | Batting: RHB Brandon Pope | 0-0: Ground out 6-3 (Groundball, 6) | Top of the 3rd over - 3 runs, 3 hits, 1 error, 1 left on base; Las Vegas 5 - Santa Monica 5 | BOTTOM OF THE 3RD |
---|
Santa Monica Bruins batting - Pitching for Las Vegas Stars : RHP José Becerra | Batting: RHB Ernest Russell | 0-0: Ball 1-0: Foul Ball, location: 2F 1-1: Ball 2-1: Ball 3-1: Base on Balls | Batting: RHB Armando Colón | 0-0: Called Strike Ernest Russell steals 2nd base 0-1: SINGLE (Flyball, 7) Ernest Russell to third Runner from 3rd tries for Home, SAFE, throw made home | Pitching: RHP Shiki Kanno | | Batting: LHB Gonzalo Benítez | 0-0: Ball 1-0: Fly out, F8 (Flyball, 8LM) | Batting: LHB Ramiro Martínez | 0-0: Called Strike 0-1: Ball 1-1: Ball 2-1: Foul Ball, location: 2F 2-2: Foul Ball, location: 2F 2-2: SINGLE (Groundball, 34D) Armando Colón to second Runner from 2nd tries for 3rd, SAFE, no throw | Batting: RHB Jake Reeves | 0-0: Ball 1-0: Foul Ball, location: 2F 1-1: Foul Ball, location: 2F 1-2: Strikes out swinging | Batting: LHB Noriaki Sangi | Pickoff Throw to First - Error! E1 Armando Colón scores Ramiro Martínez to second 0-0: Ball 1-0: SINGLE (Line Drive, 4MD) Ramiro Martínez to third Runner from 3rd tries for Home, throw and OUT! | Bottom of the 3rd over - 2 runs, 3 hits, 1 error, 1 left on base; Las Vegas 5 - Santa Monica 7 | TOP OF THE 4TH |
---|
Las Vegas Stars batting - Pitching for Santa Monica Bruins : RHP Mario Chávez | Batting: LHB Clint Parkinson | 0-0: Called Strike 0-1: Swinging Strike 0-2: SINGLE (Line Drive, 8LS) | Batting: RHB Zack Flint | 0-0: Foul Ball, location: 2F 0-1: Foul Ball, location: 2F 0-2: Ball 1-2: Ball 2-2: Foul Ball, location: 2F 2-2: Foul Ball, location: 2F 2-2: Foul Ball, location: 2F 2-2: Ball 3-2: Base on Balls Clint Parkinson to second | Pitching: LHP John Lawson | | Batting: LHB Brent Alonzo | 0-0: Ball 1-0: Foul Ball, location: 2F 1-1: Swinging Strike 1-2: Ball 2-2: Foul Ball, location: 2F 2-2: SINGLE (Line Drive, 56D) Clint Parkinson to third Zack Flint to second | Batting: RHB Pedro Mata | 0-0: Grounds into double play, 6-4-3 (Groundball, 6) Clint Parkinson scores Zack Flint to third | Batting: LHB Patrick Osborne | 0-0: Called Strike 0-1: Ball 1-1: Called Strike 1-2: Fly out, F9 (Flyball, 89S) | Top of the 4th over - 1 run, 2 hits, 0 errors, 1 left on base; Las Vegas 6 - Santa Monica 7 | BOTTOM OF THE 4TH |
---|
Santa Monica Bruins batting - Pitching for Las Vegas Stars : RHP Shiki Kanno | Batting: RHB Javier González | 0-0: Ball 1-0: Ball 2-0: Ground out 5-3 (Groundball, 56S) | Batting: RHB Carlos García | 0-0: Ball 1-0: Called Strike 1-1: Ball 2-1: Foul Ball, location: 2F 2-2: Foul Ball, location: 2F 2-2: Ground out 6-3 (Groundball, 6) | Batting: LHB Kent MacDulothe | 0-0: Ball 1-0: Ball 2-0: Called Strike 2-1: Called Strike 2-2: Ball 3-2: Base on Balls | Pitching: LHP Júlio Aguilar | | Batting: RHB Ernest Russell | 0-0: Called Strike 0-1: Ball 1-1: Ball 2-1: Ball 3-1: Swinging Strike 3-2: Ground out 5-3 (Groundball, 56) | Bottom of the 4th over - 0 runs, 0 hits, 0 errors, 1 left on base; Las Vegas 6 - Santa Monica 7 | TOP OF THE 5TH |
---|
Las Vegas Stars batting - Pitching for Santa Monica Bruins : LHP John Lawson | Batting: LHB Sammy Marshall | 0-0: Foul Ball, location: 2F 0-1: Ball 1-1: SOLO HOME RUN (Flyball, 7LD), Distance : 327 ft | Batting: LHB Paco Rivera | 0-0: Foul Ball, location: 2F 0-1: Ball 1-1: Fly out, F9 (Line Drive, 9D) | Batting: RHB Sam Wallace | 0-0: Ball 1-0: Ball 2-0: Ball 3-0: Base on Balls | Batting: RHB Brandon Pope | 0-0: SINGLE (Flyball, 9LS) Sam Wallace to second Sam Wallace to third | Batting: LHB Clint Parkinson | 0-0: Ball 1-0: Swinging Strike 1-1: Fly out, F5 (Line Drive, 5) | Batting: RHB Zack Flint | 0-0: Ball 1-0: Called Strike 1-1: Called Strike 1-2: Ball 2-2: Ball 3-2: Fly out, F7 (Line Drive, 7S) | Top of the 5th over - 1 run, 2 hits, 0 errors, 2 left on base; Las Vegas 7 - Santa Monica 7 | BOTTOM OF THE 5TH |
---|
Santa Monica Bruins batting - Pitching for Las Vegas Stars : LHP Júlio Aguilar | Batting: RHB Armando Colón | 0-0: Fly out, F8 (Flyball, 8RD) | Batting: LHB Gonzalo Benítez | 0-0: Ball 1-0: Ball 2-0: Fly out, F7 (Flyball, 7LSF) | Batting: LHB Ramiro Martínez | 0-0: Ball 1-0: Ball 2-0: Called Strike 2-1: Foul Ball, location: 2F 2-2: Foul Ball, location: 2F 2-2: Ball 3-2: Fly out, F7 (Flyball, 7S) | Bottom of the 5th over - 0 runs, 0 hits, 0 errors, 0 left on base; Las Vegas 7 - Santa Monica 7 | TOP OF THE 6TH |
---|
Las Vegas Stars batting - Pitching for Santa Monica Bruins : LHP John Lawson | Batting: LHB Brent Alonzo | 0-0: Swinging Strike 0-1: Ground out 5-3 (Groundball, 56) | Batting: RHB Pedro Mata | 0-0: Ball 1-0: Swinging Strike 1-1: Ground out 5-3 (Groundball, 5) | Batting: LHB Patrick Osborne | 0-0: Ball 1-0: Foul Ball, location: 2F 1-1: Called Strike 1-2: Strikes out swinging | Top of the 6th over - 0 runs, 0 hits, 0 errors, 0 left on base; Las Vegas 7 - Santa Monica 7 | BOTTOM OF THE 6TH |
---|
Santa Monica Bruins batting - Pitching for Las Vegas Stars : LHP Júlio Aguilar | Batting: RHB Jake Reeves | 0-0: Called Strike 0-1: Ball 1-1: Fly out, F7 (Flyball, 7D) | Batting: LHB Noriaki Sangi | 0-0: Foul Ball, location: 2F 0-1: SINGLE (Groundball, 34D) | Batting: RHB Javier González | 0-0: Ball 1-0: Ground out U3 (Groundball, 3S) Noriaki Sangi to second | Batting: RHB Carlos García | 0-0: Called Strike 0-1: Ball 1-1: 2-RUN HOME RUN (Flyball, 9LD), Distance : 348 ft | Batting: LHB Kent MacDulothe | 0-0: Ground out 5-3 (Groundball, 56) | Bottom of the 6th over - 2 runs, 2 hits, 0 errors, 0 left on base; Las Vegas 7 - Santa Monica 9 | TOP OF THE 7TH |
---|
Las Vegas Stars batting - Pitching for Santa Monica Bruins : LHP John Lawson | Batting: LHB Sammy Marshall | 0-0: Fly out, F8 (Flyball, 8RS) | Batting: LHB Paco Rivera | 0-0: Called Strike 0-1: Swinging Strike 0-2: Foul Ball, location: 2F 0-2: Ball 1-2: DOUBLE (Line Drive, 7LS) | Batting: RHB Sam Wallace | 0-0: Ball 1-0: Ball 2-0: Called Strike 2-1: Foul Ball, location: 2F 2-2: Fly out, F9 (Flyball, 9LM) | Batting: RHB Brandon Pope | 0-0: Called Strike 0-1: SINGLE (Line Drive, 89M) Paco Rivera to third Runner from 3rd tries for Home, SAFE, throw made home Brandon Pope to second | Pitching: LHP Don Sutherland | | Pinch Hitting: SHB Júlio Salazar | 0-0: Swinging Strike 0-1: Ball 1-1: Ball 2-1: Ball Wild Pitch! Brandon Pope to third 3-1: Base on Balls | Batting: RHB Zack Flint | 0-0: Foul Ball, location: 2F 0-1: SINGLE (Groundball, 6) (infield hit) Brandon Pope scores Júlio Salazar to second | Batting: LHB Brent Alonzo | 0-0: Ball 1-0: Ball 2-0: Ball 3-0: Base on Balls Júlio Salazar to third Zack Flint to second | Batting: RHB Pedro Mata | 0-0: Called Strike 0-1: Ball 1-1: Ball 2-1: Fly out, F8 (Line Drive, 8LM) | Top of the 7th over - 2 runs, 3 hits, 0 errors, 3 left on base; Las Vegas 9 - Santa Monica 9 | BOTTOM OF THE 7TH |
---|
Santa Monica Bruins batting - Pitching for Las Vegas Stars : LHP Júlio Aguilar | Now at 3B: Richard Griffin | | Batting: RHB Ernest Russell | 0-0: Swinging Strike 0-1: Ball 1-1: SINGLE (Line Drive, 4MD) | Batting: RHB Armando Colón | 0-0: Sac Bunt - play at first, batter OUT! 1-4 Ernest Russell to second | Pinch Hitting: RHB Marty Hendrickson | 0-0: Intentional Walk | Batting: LHB Ramiro Martínez | 0-0: Ball Ernest Russell steals 3rd base Marty Hendrickson to second 1-0: Called Strike 1-1: Ball 2-1: Fly out, F6 (Popup, 4M) | Batting: RHB Jake Reeves | 0-0: Ball 1-0: Ball 2-0: Called Strike 2-1: Ball 3-1: Base on Balls | Pinch Hitting: RHB Eugenio Lucero | 0-0: Called Strike 0-1: Ball 1-1: Ball 2-1: SINGLE (Line Drive, 89S) Ernest Russell scores Marty Hendrickson to third Jake Reeves to second Runner from 3rd tries for Home, SAFE, throw made home | Pitching: RHP Ki-tong Shiu | | Pinch Hitting: LHB Ken Phillips | 0-0: Ball 1-0: Ball 2-0: Ball 3-0: Called Strike 3-1: Base on Balls Jake Reeves to third Eugenio Lucero to second | Batting: RHB Carlos García | 0-0: Called Strike 0-1: Ball 1-1: Ball 2-1: Foul Ball, location: 2F 2-2: Ball 3-2: Strikes out looking | Bottom of the 7th over - 2 runs, 2 hits, 0 errors, 3 left on base; Las Vegas 9 - Santa Monica 11 | TOP OF THE 8TH |
---|
Las Vegas Stars batting - Pitching for Santa Monica Bruins : LHP Don Sutherland | Now at 1B: Ken Phillips | | Now at SS: Eugenio Lucero | | Now in RF: Marty Hendrickson | | Batting: LHB Patrick Osborne | 0-0: Ball 1-0: Called Strike 1-1: Swinging Strike 1-2: Foul Ball, location: 2F 1-2: Strikes out looking | Batting: LHB Sammy Marshall | 0-0: Ball 1-0: Called Strike 1-1: Ball 2-1: Foul Ball, location: 2F 2-2: Ball 3-2: Base on Balls | Batting: LHB Paco Rivera | 0-0: Called Strike 0-1: Fly out, F7 (Flyball, 7) | Batting: RHB Sam Wallace | 0-0: Ball 1-0: SINGLE (Line Drive, 89S) Sammy Marshall to second Runner from 2nd tries for 3rd, SAFE, throw made to third | Batting: RHB Brandon Pope | 0-0: Ground out 4-3 (Groundball, 34) | Top of the 8th over - 0 runs, 1 hit, 0 errors, 2 left on base; Las Vegas 9 - Santa Monica 11 | BOTTOM OF THE 8TH |
---|
Santa Monica Bruins batting - Pitching for Las Vegas Stars : RHP Ki-tong Shiu | Batting: LHB Kent MacDulothe | 0-0: Called Strike 0-1: Ball 1-1: SOLO HOME RUN (Flyball, 9LD), Distance : 349 ft | Batting: RHB Ernest Russell | 0-0: SINGLE (Groundball, 5D) | Batting: RHB Armando Colón | 0-0: Ball Ernest Russell is caught stealing 2nd base 1-0: Ball 2-0: Ball 3-0: Called Strike 3-1: Foul Ball, location: 2F 3-2: Foul Ball, location: 2F 3-2: SINGLE (Groundball, 56D) | Batting: RHB Marty Hendrickson | 0-0: Ball 1-0: Called Strike 1-1: Ball 2-1: Ball 3-1: Fly out, F8 (Flyball, 8LS) | Batting: LHB Ramiro Martínez | 0-0: Ball 1-0: Ball 2-0: Ball 3-0: Called Strike 3-1: Called Strike 3-2: Foul Ball, location: 2F 3-2: Base on Balls Armando Colón to second | Batting: RHB Jake Reeves | 0-0: Called Strike 0-1: Foul Ball, location: 2F 0-2: Foul Ball, location: 2F 0-2: Ball 1-2: Strikes out swinging | Bottom of the 8th over - 1 run, 3 hits, 0 errors, 2 left on base; Las Vegas 9 - Santa Monica 12 | TOP OF THE 9TH |
---|
Las Vegas Stars batting - Pitching for Santa Monica Bruins : LHP Don Sutherland | Pitching: RHP Dave Riley | | Batting: SHB Richard Griffin | 0-0: Ball 1-0: Foul Ball, location: 2F 1-1: Fly out, F7 (Line Drive, 7) | Batting: RHB Zack Flint | 0-0: Hit by Pitch | Batting: LHB Brent Alonzo | 0-0: Ball 1-0: Ball 2-0: Ball 3-0: Called Strike 3-1: Called Strike 3-2: DOUBLE (Line Drive, 8LXD) Zack Flint to third | Batting: RHB Pedro Mata | 0-0: Called Strike 0-1: Called Strike 0-2: TRIPLE (Flyball, 89XD) Zack Flint scores Brent Alonzo scores | Batting: LHB Patrick Osborne | 0-0: Swinging Strike 0-1: Called Strike 0-2: Fly out, F9 (Flyball, 89D) Runner from 3rd tags up, SCORES, throw made | Pitching: RHP Jorge Hernández | | Batting: LHB Sammy Marshall | 0-0: Ball 1-0: Ball 2-0: Ball 3-0: Base on Balls | Batting: LHB Paco Rivera | 0-0: Ball 1-0: Called Strike 1-1: Fly out, F8 (Flyball, 8RM) | Top of the 9th over - 3 runs, 2 hits, 0 errors, 1 left on base; Las Vegas 12 - Santa Monica 12 | BOTTOM OF THE 9TH |
---|
Santa Monica Bruins batting - Pitching for Las Vegas Stars : RHP Ki-tong Shiu | Pitching: RHP Howard Joyce | | Pinch Hitting: LHB Ethan Shaw | 0-0: Ball 1-0: Called Strike 1-1: Swinging Strike 1-2: Ball 2-2: Foul Ball, location: 2F 2-2: Strikes out swinging | Batting: LHB Ken Phillips | 0-0: SINGLE (Groundball, 3D) | Pinch Runner at 1st Michael Myers: | | Batting: RHB Carlos García | 0-0: Called Strike Michael Myers steals 2nd base 0-1: Swinging Strike 0-2: Ball 1-2: Ball 2-2: Fly out, F7 (Flyball, 7D) Runner from 2nd tags up, SAFE at 3rd, no throw | Batting: LHB Kent MacDulothe | 0-0: Ball 1-0: Ball 2-0: Foul Ball, location: 2F 2-1: Ball 3-1: Base on Balls | Batting: RHB Ernest Russell | 0-0: Foul Ball, location: 2F 0-1: Called Strike 0-2: Foul Ball, location: 2F 0-2: Foul Ball, location: 2F 0-2: Ball 1-2: Ball 2-2: 3-RUN HOME RUN (Flyball, 9LD), Distance : 360 ft | Saturday, December 16th, 2017 - OOTP Baseball 18.8 Build 76 |
|